 Dungeon Crawl Stone Soup version 0.31-a0-549-gf98fd537a9 (webtiles) character file.

Game seed: 10598289894002419549

64170 AdnanSaban the Bludgeoner (level 15, -2/99 HPs)
             Began as a Gargoyle Fighter on Aug 16, 2023.
             Was the Champion of Okawaru.
             Slain by an orc knight
             ... wielding a +0 great sword
              (13 damage)
             ... on level 1 of the Orcish Mines.
             The game lasted 00:31:34 (21781 turns).

AdnanSaban the Bludgeoner (Gargoyle Fighter)       Turns: 21781, Time: 00:31:35

Health: -2/99      AC: 38    Str: 27    XL:     15   Next: 12%
Magic:  9/20       EV: 10    Int:  9    God:    Okawaru [******]
Gold:   2040       SH:  9    Dex:  9    Spells: 14/14 levels left

rFire   + . .        U - +2 demon whip (vamp)
rCold   + . .        N - +2 buckler {rF+}
rNeg    + . .        p - +0 plate armour
rPois   ∞            W - +0 helmet
rElec   +            V - +0 cloak {rCorr}
rCorr   +            a - +1 pair of gloves {infuse}
SInv    .            v - +0 pair of boots
Will    +....        o - amulet of regeneration Stlth
                     D - ring of resist corrosion
HPRegen 1.16/turn    T - ring of protection from cold
MPRegen 0.17/turn

%: infuse magic (1 MP)
@: heroic, flying
A: sickness immunity, AC +11, big wings, negative energy resistance 1,
electricity resistance, torment resistance 1, petrification resistance
a: Renounce Religion, Heroism, Finesse, Duel


You were on level 1 of the Orcish Mines.
You worshipped Okawaru.
Okawaru was exalted by your worship.
You visited 3 branches of the dungeon, and saw 19 of its levels.

You collected 2040 gold pieces.

Inventory:

Hand Weapons
 U - a +2 vampiric demon whip (weapon)
Missiles
 f - 3 throwing nets
 g - 17 javelins
 r - 48 poisoned darts (quivered)
 x - 8 silver javelins
 F - 7 curare-tipped darts
 G - 8 boomerangs
Armour
 a - a +1 pair of gloves of infusion (worn)
 p - a +0 plate armour (worn)
 v - a +0 pair of boots (worn)
 N - a +2 buckler of fire resistance (worn)
 V - a +0 cloak of preservation (worn)
 W - a +0 helmet (worn)
Jewellery
 o - an amulet of regeneration (around neck)
 D - a ring of resist corrosion (left hand)
 E - a ring of protection from fire
 T - a ring of protection from cold (right hand)
Wands
 X - a wand of digging (2)
Scrolls
 e - 4 scrolls of immolation {unknown}
 h - 12 scrolls of identify
 i - a scroll of noise {unknown}
 j - 6 scrolls of teleportation
 k - a scroll of fog {unknown}
 m - 4 scrolls of enchant armour {unknown}
 s - 3 scrolls of revelation {unknown}
 t - 7 scrolls of vulnerability {unknown}
 w - 2 scrolls of amnesia {unknown}
 y - 4 scrolls of fear
 z - a scroll of enchant weapon {unknown}
 I - a scroll of silence {unknown}
 L - 2 scrolls of summoning {unknown}
 R - 2 scrolls of blinking
 S - a scroll of brand weapon {unknown}
 Y - a scroll of poison {unknown}
Potions
 b - 2 potions of mutation {unknown}
 c - a potion of berserk rage {unknown}
 d - 10 potions of might
 l - 9 potions of heal wounds {unknown}
 n - 2 potions of degeneration {unknown}
 q - 2 potions of lignification {unknown}
 u - a potion of cancellation {unknown}
 A - a potion of haste {unknown}
 B - 2 potions of resistance {unknown}
 H - 7 potions of curing {unknown}
 K - a potion of magic {unknown}
 M - a potion of attraction {unknown}
 P - 2 potions of enlightenment {unknown}


   Skills:
 + Level 13.5(18.5) Fighting
 + Level 15.0(20.0) Maces & Flails
 + Level 2.8(7.8) Throwing
 + Level 14.0(19.0) Armour
 + Level 2.6(7.6) Dodging
 + Level 4.1(9.1) Stealth
 + Level 11.7(16.7) Shields
 + Level 7.2 Invocations


You had 14 spell levels left.
You didn't know any spells.
Your spell library contained the following spells:

 Spells                   Type           Power      Damage    Failure   Level
 Apportation              Tloc           0%         N/A       91%         1
 Necrotise                Necr           0%         1d4       91%         1
 Shock                    Conj/Air       0%         1d3       91%         1
 Ensorcelled Hibernation  Hex/Ice        0%         N/A       97%         2
 Lesser Beckoning         Tloc           0%         N/A       97%         2
 Passwall                 Tmut/Erth      0%         N/A       97%         2
 Frozen Ramparts          Ice            0%         1d1       100%        3
 Gell's Gravitas          Tloc           0%         N/A       100%        3
 Inner Flame              Hex/Fire       0%         N/A       100%        3
 Portal Projectile        Hex/Tloc       0%         N/A       100%        3
 Stone Arrow              Conj/Erth      0%         3d7       100%        3
 Swiftness                Air            0%         N/A       100%        3
 Teleport Other           Tloc           0%         N/A       100%        3
 Vampiric Draining        Necr           0%         2d6       100%        3
 Airstrike                Air            0%         2d(0-16)  100%        4
 Flame Wave               Conj/Fire      0%         2d4       100%        4
 Leda's Liquefaction      Hex/Erth       0%         N/A       100%        4
 Petrify                  Tmut/Erth      0%         N/A       100%        4
 Sticky Flame             Conj/Fire      0%         2d3       100%        4
 Agony                    Necr           0%         N/A       100%        5
 Fireball                 Conj/Fire      0%         3d3       100%        5
 Iskenderun's Battlesphe  Conj           0%         2d6       100%        5
 Metabolic Englaciation   Hex/Ice        0%         N/A       100%        5
 Conjure Ball Lightning   Conj/Air       0%         3x3d6     100%        6
 Orb of Destruction       Conj           0%         9d5       100%        7
 Lehudib's Crystal Spear  Conj/Erth      0%         10d2      100%        8
 Summon Small Mammal      Summ           Unusable   N/A       N/A         1
 Call Canine Familiar     Summ           Unusable   N/A       N/A         3
 Animate Armour           Summ/Erth      Unusable   N/A       N/A         4

Dungeon Overview and Level Annotations

Branches:
Dungeon (12/15)            Temple (0/1) D:6            Lair (5/5) D:10
 Shoals (0/4) Lair:3        Snake (0/4) Lair:3        Slime (0/5) Lair:5
    Orc (2/2) D:11            Elf (0/3) Orc:2

Altars:
Fedhas
Hepliaklqana
Makhleb
Okawaru
Sif Muna
Trog
Vehumet
Yredelemnul

Shops:
D:5 :   Orc:2 *

Annotations:
Orc:2 3 runed translucent doors, GordonOverkill's ghost, journeyman VSDe


Innate Abilities, Weirdness & Mutations

You are immune to sickness and miasma.
Your stone body is resilient. (AC +11)
You are immune to poison.
Your large and strong wings let you fly.
You resist negative energy. (rN+)
You are resistant to electric shocks. (rElec)
You are resistant to unholy torment.
You are immune to petrification.


Message History

You are too injured to fight recklessly!
You are too injured to fight recklessly!
You are too injured to fight recklessly!
You are too injured to fight recklessly!
You are too injured to fight recklessly!
You are too injured to fight recklessly!
You are too injured to fight recklessly!
You are too injured to fight recklessly!
Unknown command.
You barely miss the orc knight.
The orc knight is heavily wounded.
You closely miss the orc knight.
The orc knight is heavily wounded.
The orc knight hits you but does no damage. x2
You gain the combat prowess of a mighty hero.
The orc knight misses you.
The orc knight hits you with a +0 battleaxe!!
* * * LOW HITPOINT WARNING * * *
You thrash the orc knight!!
The orc knight is severely wounded.
You closely miss the orc knight.
The orc knight is severely wounded.
The orc knight hits you with a +0 battleaxe!!
* * * LOW HITPOINT WARNING * * *
You block the orc knight's attack.
You whack the orc knight!
You feel better.
You kill the orc knight!
Okawaru accepts your kill.
Your base Armour skill increases to level 14!
You barely miss the orc knight. You block the orc knight's attack.
You whack the orc knight!
You feel better.
The orc knight is lightly wounded.
The orc knight hits you with a +0 great sword!
* * * LOW HITPOINT WARNING * * *
You completely miss the orc knight.
The orc knight is lightly wounded.
You thrash the orc knight!!
The orc knight is heavily wounded.
The orc knight hits you with a +0 great sword!
You die...

##..######....#.....#..####
###...##.###...##...##...#.##
##^##..#...###..##...#.......####
#...#...#.#..............##.###..
##......#.................###....
##........................#.....
#...#...#....................#.
##...........[)[...............
##.##.......)@o...............
###.#....##).[...............
#####...#...................###.
##.##.#.#............##.......###
#....................#.......##
##.##.#.##...............#.##.##
########[#...)).....#.##......#
##......[..........##.##.##
#.......[.........########


You could see an orc knight (strong).

Vanquished Creatures
  Gastronok (D:9)
  Kirke (Lair:3)
  An orc warlord (D:11)
  Fannar (Lair:2)
  2 hydras (Lair:4)
  Harold (Lair:2)
  2 two-headed ogres
  5 catoblepae
  13 death yaks
  2 orc high priests (Orc:1)
  3 skeletal warriors (D:11)
  3 orc knights
  3 ugly things
  2 orc sorcerers
  2 manticores (Lair:5)
  A salamander (Lair:3)
  An elephant (Lair:1)
  A cyclops (D:11)
  6 black mambas
  12 cane toads
  Joseph (Lair:1)
  Maggie (D:9)
  2 gargoyles (D:12)
  15 komodo dragons
  4 rime drakes
  Psyche (D:9)
  7 trolls
  3 polar bears
  9 dream sheep
  26 blink frogs
  2 slime creatures
  43 yaks
  A ynoxinul (D:10)
  3 wyverns
  3 basilisks
  A wraith (D:12)
  5 humans (D:8)
  7 hogs
  Grum (D:9)
  3 wargs (D:11)
  An acid dragon (D:9)
  2 nagas (Lair:3)
  21 water moccasins
  21 orc warriors
  A swamp drake (Lair:1)
  4 sky beasts
  3 ogres
  12 wolves
  A centaur (D:4)
  2 kobold brigands
  14 bullfrogs
  7 scorpions
  4 earth elementals
  11 orc priests
  A gnoll bouda (D:10)
  3 jellies
  14 iguanas
  2 sleepcaps (D:6)
  25 orc wizards
  4 hell rats (Lair:2)
  8 gnolls
  4 adders
  A shadow imp (D:7)
  2 white imps
  2 ufetubi
  3 dart slugs
  59 orcs
  6 endoplasms
  6 giant cockroaches
  2 goblins (D:1)
  5 hobgoblins
  2 jackals (D:1)
  6 quokkas
  5 ball pythons
  5 bats
  18 frilled lizards
  18 kobolds
  6 rats
512 creatures vanquished.

Vanquished Creatures (others)
  An orc wizard (Orc:2)
  A frilled lizard (Lair:1)
2 creatures vanquished.

Grand Total: 514 creatures vanquished

Notes
Turn   | Place    | Note
-------+----------+-------------------------------------------
     0 | D:1      | AdnanSaban the Gargoyle Fighter began the quest for the
                  | Orb.
     0 | D:1      | Reached XP level 1. HP: 14/14 MP: 1/1
    64 | D:1      | Reached XP level 2. HP: 17/19 MP: 2/2
   416 | D:1      | Reached XP level 3. HP: 22/23 MP: 3/3
   663 | D:2      | Found an iron altar of Okawaru.
   691 | D:2      | Became a worshipper of Warmaster Okawaru
  1483 | D:3      | Reached XP level 4. HP: 28/28 MP: 4/4
  1488 | D:3      | Found a faded altar of an unknown god.
  1773 | D:4      | Noticed a scorpion
  1781 | D:4      | Killed a scorpion
  1782 | D:4      | Reached skill level 3 in Maces & Flails
  1782 | D:4      | Reached XP level 5. HP: 30/33 MP: 5/5
  1786 | D:4      | Found a basalt altar of Yredelemnul.
  1790 | D:4      | Found a radiant altar of Vehumet.
  1794 | D:4      | Found a blossoming altar of Fedhas.
  1814 | D:4      | Noticed an ogre
  2019 | D:3      | Reached XP level 6. HP: 27/38 MP: 6/6
  2035 | D:3      | Reached skill level 4 in Maces & Flails
  2161 | D:4      | Reached * piety under Okawaru
  2258 | D:4      | Reached skill level 5 in Armour
  2548 | D:5      | Entered Level 5 of the Dungeon
  2737 | D:5      | Reached XP level 7. HP: 44/44 MP: 7/7
  2772 | D:5      | Reached skill level 5 in Maces & Flails
  2956 | D:5      | Found Dotusk's Book Boutique.
  3017 | D:5      | Reached skill level 5 in Fighting
  3251 | D:6      | Found a burning altar of Makhleb.
  3326 | D:6      | Reached ** piety under Okawaru
  3400 | D:6      | Reached skill level 5 in Shields
  3420 | D:6      | You fall into a shaft and drop 3 floors!
  3508 | D:9      | Reached XP level 8. HP: 45/49 MP: 8/8
  3599 | D:6      | Reached skill level 6 in Maces & Flails
  3755 | D:6      | Found a staircase to the Ecumenical Temple.
  4640 | D:7      | Found a hazy altar of Hepliaklqana.
  4776 | D:7      | Reached *** piety under Okawaru
  5094 | D:7      | Reached skill level 7 in Maces & Flails
  5160 | D:7      | Reached XP level 9. HP: 41/55 MP: 9/9
  5477 | D:8      | Reached skill level 1 in Dodging
  5528 | D:8      | Reached **** piety under Okawaru
  5556 | D:8      | Reached skill level 8 in Maces & Flails
  6216 | D:9      | Noticed Grum
  6285 | D:9      | Killed Grum
  6286 | D:9      | Reached skill level 1 in Invocations
  6295 | D:9      | Identified the +9 quarterstaff of Earthquakes {flame, rPois
                  | Str-5 Int+3 Stlth+}
  6374 | D:9      | Noticed a two-headed ogre
  6436 | D:9      | Reached XP level 10. HP: 63/63 MP: 11/11
  6736 | D:9      | HP: 1/63 [two-headed ogre/+0 dire flail (12)]
  6737 | D:9      | Killed a two-headed ogre
  6737 | D:9      | Reached ***** piety under Okawaru
  6738 | D:9      | Reached skill level 9 in Maces & Flails
  6838 | D:9      | Noticed Psyche
  6853 | D:9      | Paralysed by something for 4 turns
  6862 | D:9      | Paralysed by something for 5 turns
  6872 | D:9      | Killed Psyche
  6909 | D:9      | Noticed Gastronok
  6944 | D:9      | Killed Gastronok
  6945 | D:9      | Reached skill level 1 in Throwing
  7152 | D:10     | Entered Level 10 of the Dungeon
  7497 | D:9      | Reached ****** piety under Okawaru
  7498 | D:9      | Reached XP level 11. HP: 57/68 MP: 14/14
  7507 | D:9      | Reached skill level 10 in Maces & Flails
  7544 | D:10     | Noticed Maggie
  7572 | D:9      | Reached skill level 5 in Invocations
  7605 | D:9      | Killed Maggie
  7707 | D:10     | Reached skill level 10 in Armour
  7711 | D:10     | Received a gift from Okawaru
  7960 | D:10     | Found a staircase to the Lair.
  8147 | D:10     | Found a shimmering blue altar of Sif Muna.
  8190 | D:10     | Got Sif Muna's Compendium of the Missiles
  8195 | D:10     | Found a bloodstained altar of Trog.
  8557 | D:11     | Found a staircase to the Orcish Mines.
  8733 | D:11     | Noticed a red ugly thing
  8769 | D:11     | Killed a red ugly thing
  8930 | D:11     | Noticed a cyclops
  8939 | D:11     | Killed a cyclops
  9267 | D:11     | Reached skill level 11 in Maces & Flails
  9641 | D:12     | Noticed a skeletal warrior
  9811 | D:12     | Noticed a white ugly thing
  9834 | D:12     | Killed a white ugly thing
 10219 | D:12     | Noticed a skeletal warrior
 10220 | D:12     | Noticed a skeletal warrior
 10254 | D:11     | Killed a skeletal warrior
 10381 | D:12     | Reached XP level 12. HP: 75/75 MP: 17/17
 10899 | D:11     | Received a gift from Okawaru
 11042 | Lair:1   | Entered Level 1 of the Lair of Beasts
 11167 | Lair:1   | Received a gift from Okawaru
 11358 | Lair:1   | Noticed a catoblepas
 11383 | Lair:1   | Killed a catoblepas
 11383 | Lair:1   | Received a gift from Okawaru
 11412 | Lair:1   | Reached skill level 12 in Maces & Flails
 11467 | Lair:1   | Noticed a death yak
 11507 | Lair:1   | Killed a death yak
 11531 | Lair:1   | Identified the +0 pair of gloves "Kyej" {rPois Int+5}
                  | (Okawaru gifted it to you on level 1 of the Lair of Beasts)
 11531 | Lair:1   | Received a gift from Okawaru
 11631 | Lair:1   | Identified the +10 trident of Kismet {holy, rElec Str+3}
 11764 | Lair:1   | Noticed Joseph
 11786 | Lair:1   | Killed Joseph
 12244 | Lair:1   | Reached skill level 10 in Fighting
 12858 | Lair:2   | Reached XP level 13. HP: 82/82 MP: 18/18
 12993 | Lair:2   | Reached skill level 13 in Maces & Flails
 13364 | Lair:2   | Noticed Harold
 13391 | Lair:2   | Killed Harold
 14066 | Lair:3   | Found a staircase to the Snake Pit.
 14142 | Lair:3   | Noticed Kirke
 14280 | Lair:3   | Found a staircase to the Shoals.
 14584 | Lair:3   | Noticed Fannar
 14641 | Lair:2   | Killed Fannar
 14641 | Lair:2   | Received a gift from Okawaru
 14771 | Lair:3   | Killed Kirke
 15173 | Lair:4   | Reached skill level 14 in Maces & Flails
 15192 | Lair:4   | Reached skill level 10 in Shields
 15833 | Lair:4   | Gained mutation: Your large and strong wings let you fly.
                  | [Gargoyle growth]
 15833 | Lair:4   | Reached XP level 14. HP: 91/91 MP: 5/19
 16688 | Lair:5   | Entered Level 5 of the Lair of Beasts
 17008 | Lair:5   | Received a gift from Okawaru
 17764 | Lair:5   | Reached skill level 1 in Stealth
 18218 | Lair:5   | Found a staircase to the Slime Pits.
 18228 | Lair:5   | Received a gift from Okawaru
 18789 | Lair:5   | Identified the +11 mace "Syg Xynk" {elec, rPois rF- rN+
                  | Int+6} (Okawaru gifted it to you on level 5 of the Lair of
                  | Beasts)
 18789 | Lair:5   | Received a gift from Okawaru
 19506 | Orc:1    | Entered Level 1 of the Orcish Mines
 19720 | Orc:1    | Noticed an orc warlord
 19748 | D:11     | Killed an orc warlord
 20119 | Orc:2    | Entered Level 2 of the Orcish Mines
 20264 | Orc:2    | Found a staircase to the Elven Halls.
 20391 | Orc:2    | Found a shimmering blue altar of Sif Muna.
 20820 | Orc:2    | Reached XP level 15. HP: 98/99 MP: 8/20
 20925 | Orc:2    | Found a runed translucent gate.
 20925 | Orc:2    | Found a runed translucent gate.
 20925 | Orc:2    | Found a runed translucent gate.
 20929 | Orc:2    | Noticed GordonOverkill's ghost (journeyman VSDe)
 20947 | Orc:2    | Found Jucoceh's Assorted Antiques.
 20991 | Orc:1    | Reached skill level 15 in Maces & Flails
 21329 | Orc:2    | Paralysed by an orc sorcerer for 2 turns
 21781 | Orc:1    | Slain by an orc knight

Illustrated notes

Levels and vault maps discovered:
D:1:      ebering_hopf_link, layout_basic
D:2:      layout_loops_ring, basic_altar
D:3:      layout_rooms, shapermc_ecumenical_altar_pompeii, st_stairs_12
D:4:      layout_basic, grunt_temple_overflow_diamond
D:5:      layout_basic, serial_shops, nicolae_shop_tiny_real_fake_doors,
          minmay_door_square
D:6:      layout_basic, mainiacjoe_overflow_concentric_impassable,
          minmay_temple_entry_ruins, chequers_decorated_corner
D:7:      layout_gridville, mainiacjoe_overflow_brackets,
          lightli_ossuary_entry_decrepit_ruins, kennysheep_nondescript
D:8:      layout_rooms, serial_rivers, chequers_serial_rivers_micro_a,
          chequers_serial_rivers_small_3, chequers_serial_rivers_marsh,
          chequers_serial_rivers_large_a, minmay_ruffians
D:9:      layout_roguey, uniq_grum, uniq_psyche, uniq_gastronok
D:10:     minmay_stone_box, layout_rooms, nzn_overflow_gifts_of_might_and_magic,
          minmay_lair_entry_grove, uniq_maggie
D:11:     layout_loops_corners, david_orc_1_choice
D:12:     layout_stronghold
Lair:1:   lemuel_reptile_caves, layout_gridlike, nzn_random_ring, uniq_joseph
Lair:2:   layout_regular_city, gauntlet_entry_generic, grunt_megastairs_5,
          infiniplex_staircase_pool, serial_bayou_shore_a, uniq_harold
Lair:3:   layout_hall_layers, elwin_shoals_entry_rocks,
          alex1729_snake_entry_snake, dreamdust_mushroom_princess,
          infiniplex_staircase_pool_2, uniq_kirke, uniq_fannar
Lair:4:   layout_small_grid
Lair:5:   evilmike_catoblepas_cave, layout_concentric_octagons,
          minmay_slime_entry_pillars, pdpol_lair_neglected_garden,
          grunt_forest_small_clearings, serial_bayou_pond_d
Orc:1:    layout_caves
Orc:2:    grunt_orc_tribal_feast, layout_diamond_mine,
          maelrawn_ghost_gauntlet_escape, serial_shops, shop,
          kennysheep_orc_sif_temple

Skill      XL: |  1  2  3  4  5  6  7  8  9 10 11 12 13 14 15 |
---------------+----------------------------------------------+-----
Armour         | 4 5 6 8 9 10 11 12 13 14 | 14.0
Maces & Flails | 3 4 5 7 8 9 11 12 14 15 | 15.0
Shields        | 4 5 6 7 8 10 11 | 11.7
Fighting       | 4 5 6 7 8 10 11 13 | 13.5
Dodging        | 1 2 |  2.6
Invocations    | 2 4 7 |  7.2
Throwing       | 2 |  2.8
Stealth        | 4 |  4.1

Action                     |  1- 3 |  4- 6 |  7- 9 | 10-12 | 13-15 || total
---------------------------+-------+-------+-------+-------+-------++-------
  Melee: Flail             |   107 |   146 |   506 |  1119 |   677 ||  2555
         Demon whip        |       |       |       |       |   730 ||   730
  Throw: Dart              |       |     5 |     2 |    34 |    10 ||    51
 Invoke: Heroism           |       |       |       |     4 |     1 ||     5
   Stab: Petrified         |       |       |       |       |    17 ||    17
         Petrifying        |       |       |       |       |     1 ||     1
 Armour: Scale mail        |    56 |       |       |       |       ||    56
         Plate armour      |    39 |   160 |   511 |   577 |   802 ||  2089
  Dodge: Dodged            |    64 |    89 |   186 |   274 |   414 ||  1027
  Block: Buckler           |    38 |    61 |   149 |   313 |   475 ||  1036

Table legend: (Time is in decaauts)
 A = Elapsed time spent in this place.
 B = Non-inter-level travel time spent in this place.
 C = Inter-level travel time spent in this place.
 D = Time resting spent in this place.
 E = Time spent auto-exploring this place.
 F = Levels seen in this place.
 G = Mean time per level.
                   A        B        C        D        E       F      G
               +--------+--------+--------+--------+--------+-----+--------+
         Total |  21324 |  19373 |   1951 |    767 |  13712 |  19 | 1122.3 |
       Dungeon |  11504 |  10190 |   1314 |    472 |   7013 |  12 |  958.7 |
          Lair |   7992 |   7366 |    626 |    156 |   5476 |   5 | 1598.4 |
  Orcish Mines |   1827 |   1817 |     10 |    139 |   1223 |   2 |  913.5 |
               +--------+--------+--------+--------+--------+-----+--------+

Top non-repeatable levels by time:
  Lair:5: 2154 daAuts
    D:11: 1924 daAuts
  Lair:4: 1888 daAuts
  Lair:1: 1722 daAuts
   Orc:2: 1294 daAuts
     D:9: 1279 daAuts
  Lair:2: 1267 daAuts
    D:10: 1029 daAuts
     D:7: 1020 daAuts
    D:12: 975 daAuts
  Lair:3: 959 daAuts
     D:8: 907 daAuts
     D:6: 889 daAuts
     D:5: 769 daAuts
     D:4: 763 daAuts
